 Dungeon Crawl Stone Soup version 0.32-a0-666-ge8a88695a4 (webtiles) character file.

Game seed: 18346299352975212281

3095 dialectric the Ruffian (level 9, -4/88 HPs)
             Began as a Troll Shapeshifter on Mar 9, 2024.
             Slain by a manticore (17 damage)
             ... on level 8 of the Dungeon.
             The game lasted 00:07:33 (3785 turns).

dialectric the Ruffian (Troll Shapeshifter)         Turns: 3785, Time: 00:07:34

Health: -4/88      AC:  4    Str: 24    XL:     9   Next: 59%
Magic:  8/8        EV: 11    Int:  6    God:
Gold:   379        SH:  0    Dex: 13    Spells: 8/8 levels left

rFire   . . .        i - +0 dire flail (heavy)
rCold   + . .        (shield currently unavailable)
rNeg    . . .        a - +0 animal skin
rPois   .            (helmet currently unavailable)
rElec   .            (cloak currently unavailable)
rCorr   .            (gloves unavailable)
SInv    +            (boots unavailable)
Will    .....        (no amulet)
Stlth   +            j - ring of protection from cold
HPRegen 1.14/turn    w - ring of see invisible
MPRegen 0.11/turn

%: no passive effects
@: confused, beast-form, ambrosia-drunk, attractive
A: beast (slay +3), large, unfitting armour, claws 3, regeneration 1, shaggy fur
1, tough skin 1
a: Begin Untransformation


You were on level 8 of the Dungeon.
You were a hulking beast.
You visited 1 branch of the dungeon, and saw 8 of its levels.

You collected 379 gold pieces.

Inventory:

Hand Weapons
 i - a +0 heavy dire flail (weapon)
 n - a +2 dagger of protection
 C - a +0 morningstar
Armour
 a - a +0 animal skin (worn)
 E - a scarf of invisibility
Jewellery
 j - a ring of protection from cold (left claw)
 w - a ring of see invisible (right claw)
 y - a ring of wizardry
Talismans
 c - a beast talisman (active)
 d - a flux talisman
Wands
 s - a wand of iceblast (3)
 v - a wand of polymorph (5)
Scrolls
 f - 2 scrolls of amnesia {unknown}
 l - 2 scrolls of enchant weapon {unknown}
 m - a scroll of blinking {unknown}
 p - 2 scrolls of poison {unknown}
 r - 2 scrolls of summoning {unknown}
 x - a scroll of vulnerability {unknown}
 A - 4 scrolls of revelation {unknown}
 B - a scroll of silence {unknown}
 D - a scroll of noise {unknown}
Potions
 e - a potion of enlightenment
 h - 3 potions of brilliance
 q - a potion of mutation


   Skills:
 + Level 5.2 Fighting
 + Level 4.0 Armour
 + Level 5.4 Dodging
 + Level 6.9 Unarmed Combat
 + Level 6.4 Shapeshifting


You had 8 spell levels left.
You didn't know any spells.
Your spell library contained the following spells:

 Spells                   Type           Power      Damage    Failure   Level
 Sting                    Conj/Alch      0%         1d3       45%         1
 Mercury Vapours          Alch/Air       0%         N/A       58%         2
 Mephitic Cloud           Conj/Alch/Air  0%         N/A       83%         3
 Olgreb's Toxic Radiance  Alch           0%         N/A       99%         4
 Freezing Cloud           Conj/Ice/Air   0%         6-21      100%        5


Dungeon Overview and Level Annotations

Branches:
Dungeon (9/15)             Temple (0/1) D:4
   Lair: D:8-11         Orc: D:9-12

Altars:
Cheibriados
Gozag
Sif Muna
Uskayaw
Beogh

Annotations:
D:4 3 runed translucent doors, n1000's ghost, amateur CoNe
D:8 Joseph


Innate Abilities, Weirdness & Mutations

You are a hulking beast.
Your limbs bulge with bestial killing power. (Slay +3)
You are too large for most types of armour.
You have claws for hands.
Your natural rate of healing is unusually fast.
You are covered in fur. (AC +1)
You have tough skin. (AC +1)


Message History

You barely miss the manticore. The manticore barely misses you. x2
The manticore claws you.
You puncture the manticore!
The manticore is lightly wounded.
The manticore bites you! The manticore claws you. x2
Joseph says, "I'm happy to see you. And I'll be happy to kill you."
The manticore barely misses you. x2; The manticore closely misses you.
You impale the manticore!!
The manticore is heavily wounded.
The manticore closely misses you. The manticore claws you! x2
The manticore bites you!
* * * LOW HITPOINT WARNING * * *
The manticore claws you.
* * * LOW HITPOINT WARNING * * *
The manticore completely misses you.
Unknown command.
You completely miss the manticore.
The manticore is heavily wounded.
The manticore closely misses you.
The manticore claws you but does no damage.
The manticore claws you.
* * * LOW HITPOINT WARNING * * *
The manticore barely misses you. The manticore claws you!
* * * LOW HITPOINT WARNING * * *
The manticore claws you but does no damage.
It was a potion of attraction.
You feel attractive to monsters.
The manticore bites you but does no damage.
The manticore misses you. The manticore closely misses you.
It was a potion of ambrosia.
You are confused.
You feel invigorated. The manticore closely misses you.
The manticore claws you.
* * * LOW HITPOINT WARNING * * *
The manticore claws you.
* * * LOW HITPOINT WARNING * * *
You closely miss the manticore.
The manticore is heavily wounded.
The manticore bites you!
You die...

### ##.##
########...#########
................hH@#
########...#######.....#
#...# #.$##.# #.#.# #..#
#.#.# ...@ #.#.) ###..
#.#..# #.. ....## #..


You could see Joseph and a manticore.

Vanquished Creatures
  Erolcha (D:9)
  A kobold demonologist (D:9)
  2 yaks (D:8)
  Edmund (D:4)
  A sky beast (D:7)
  An orc warrior (D:8)
  A black bear (D:4)
  2 ogres (D:4)
  2 kobold brigands
  A phantom (D:4)
  4 bullfrogs
  2 scorpions
  A killer bee (D:7)
  2 howler monkeys (D:3)
  2 bombardier beetles
  A sleepcap (D:7)
  A hound (D:4)
  2 orc priests (D:7)
  3 iguanas (D:7)
  6 orc wizards
  Terence (D:3)
  Robin (D:3)
  A gnoll (D:3)
  6 adders
  A shadow imp (D:7)
  A white imp (D:8)
  2 dart slugs
  2 ribbon worms
  23 orcs
  9 ball pythons
  4 endoplasms
  8 giant cockroaches
  15 goblins
  8 hobgoblins
  13 jackals
  3 quokkas
  A bat (D:1)
  3 frilled lizards
  8 kobolds
  5 rats
152 creatures vanquished.

Notes
Turn   | Place    | Note
-------+----------+-------------------------------------------
     0 | D:1      | dialectric the Troll Shapeshifter began the quest for the
                  | Orb.
     0 | D:1      | Reached XP level 1. HP: 18/18 MP: 0/0
    71 | D:1      | Reached skill level 1 in Fighting
    83 | D:1      | Reached XP level 2. HP: 26/27 MP: 1/1
   347 | D:1      | Reached XP level 3. HP: 31/33 MP: 2/2
   956 | D:2      | Reached XP level 4. HP: 33/42 MP: 3/3
   971 | D:2      | Identified the +1 pair of boots of Sin {rElec rCorr Int-5}
  1185 | D:2      | Found a roughly hewn altar of Beogh.
  1217 | D:2      | Found a faded altar of an unknown god.
  1333 | D:3      | Noticed Robin
  1354 | D:3      | Found a hide-covered altar of Uskayaw.
  1423 | D:3      | Killed Robin
  1435 | D:3      | Noticed a scorpion
  1447 | D:3      | Killed a scorpion
  1448 | D:3      | Reached XP level 5. HP: 49/49 MP: 4/4
  1483 | D:3      | Noticed Terence
  1494 | D:3      | Killed Terence
  1654 | D:3      | Reached XP level 6. HP: 53/59 MP: 5/5
  1964 | D:4      | Found a snail-covered altar of Cheibriados.
  2009 | D:4      | Found a staircase to the Ecumenical Temple.
  2011 | D:4      | Noticed Edmund
  2035 | D:4      | Killed Edmund
  2036 | D:4      | Reached XP level 7. HP: 19/67 MP: 6/6
  2096 | D:4      | Found a runed translucent gate.
  2125 | D:4      | Reached skill level 1 in Armour
  2125 | D:4      | Reached skill level 5 in Unarmed Combat
  2285 | D:4      | Reached skill level 5 in Shapeshifting
  2447 | D:4      | Found a runed translucent gate.
  2448 | D:4      | Found a runed translucent gate.
  2449 | D:4      | Found an opulent altar of Gozag.
  2450 | D:4      | Noticed n1000's ghost (amateur CoNe)
  2516 | D:5      | Entered Level 5 of the Dungeon
  2591 | D:5      | Reached XP level 8. HP: 66/78 MP: 7/7
  2673 | D:5      | You fall into a shaft and drop 2 floors!
  3294 | D:8      | Found a shimmering blue altar of Sif Muna.
  3472 | D:8      | Identified the ring "Assil" {Wiz rC++ Str-4 Dex+3}
  3472 | D:8      | Noticed a centaur warrior
  3523 | D:8      | Noticed a kobold demonologist
  3535 | D:9      | Noticed Erolcha
  3541 | D:9      | Killed Erolcha
  3542 | D:9      | Reached skill level 5 in Dodging
  3542 | D:9      | Reached XP level 9. HP: 60/87 MP: 8/8
  3575 | D:8      | Noticed a hellwing
  3578 | D:8      | Noticed an ice devil
  3584 | D:9      | Killed a kobold demonologist
  3585 | D:9      | Reached skill level 5 in Fighting
  3769 | D:8      | Noticed Joseph
  3777 | D:8      | Noticed a manticore
  3785 | D:8      | Slain by a manticore

Illustrated notes

Levels and vault maps discovered:
D:1:      tarquinn_simple_flora_water_d, layout_rooms, due_unseen_surprise
D:2:      layout_loops_ring, hellmonk_ecumenical_altar_defaced_shrine
D:3:      lemuel_castle_with_subvaults [lemuel_castle_interior_carwin_3],
          layout_rooms, mainiacjoe_overflow_brackets, uniq_terence, uniq_robin
D:4:      layout_cave_pools, mainiacjoe_overflow_concentric_impassable,
          minmay_temple_entry_glass, ebering_ghost_gozag, uniq_edmund
D:5:      layout_basic, minmay_holes, uniq_grinder
D:7:      layout_rooms
D:8:      minmay_the_grid_octo_tiled_squarecenter
          [minmay_the_grid_octo_checkered, minmay_the_grid_octo_concentric,
          minmay_the_grid_octo_odd_swirl, minmay_the_grid_octo_fat_diamond,
          minmay_the_grid_square_5x5_megaprize_open,
          minmay_the_grid_square_5x5_tetrominoes,
          minmay_the_grid_square_5x5_comb, minmay_the_grid_square_5x5_tri_point,
          minmay_the_grid_square_5x5_two_walls_a], layout_loops_ring,
          mainiacjoe_overflow_tiny_flanked, erik_lair_orcish_takeover,
          nicolae_kite_square_tiling_tiny, uniq_joseph
D:9:      layout_gridville, mainiacjoe_overflow_big_doors, serial_park_tiny_2,
          nrook_campfire, uniq_jeremiah, uniq_psyche, uniq_erolcha

Skill      XL: |  1  2  3  4  5  6  7  8  9 |
---------------+----------------------------+-----
Fighting       | 1 2 3 4 5 |  5.2
Dodging        | 2 3 5 |  5.4
Unarmed Combat | 4 5 6 |  6.9
Shapeshifting  | 4 5 6 |  6.4
Armour         | 1 3 4 |  4.0

Action                     |  1- 3 |  4- 6 |  7- 9 || total
---------------------------+-------+-------+-------++-------
  Melee: Unarmed           |   101 |   154 |     1 ||   256
         Punch             |     1 |     4 |       ||     5
         Dire flail        |       |       |   147 ||   147
  Throw: Dart              |       |       |     2 ||     2
  Evoke: Wand              |       |       |     5 ||     5
    Use: Scroll            |       |     3 |     5 ||     8
         Potion            |       |       |     6 ||     6
   Stab: Invisible         |       |       |     1 ||     1
 Armour: Animal skin       |    85 |   155 |   227 ||   467
         Skin              |       |       |    13 ||    13
  Dodge: Dodged            |    49 |   113 |   165 ||   327

Table legend: (Time is in decaauts)
 A = Elapsed time spent in this place.
 B = Non-inter-level travel time spent in this place.
 C = Inter-level travel time spent in this place.
 D = Time resting spent in this place.
 E = Time spent auto-exploring this place.
 F = Levels seen in this place.
 G = Mean time per level.
                   A        B        C        D        E       F      G
               +--------+--------+--------+--------+--------+-----+--------+
         Total |   3928 |   3835 |     93 |    247 |   2117 |   8 |  491.0 |
       Dungeon |   3928 |   3835 |     93 |    247 |   2117 |   8 |  491.0 |
               +--------+--------+--------+--------+--------+-----+--------+

Top non-repeatable levels by time:
     D:2: 804 daAuts
     D:7: 776 daAuts
     D:4: 607 daAuts
     D:3: 592 daAuts
     D:1: 512 daAuts
     D:8: 366 daAuts
     D:5: 177 daAuts
     D:9: 91 daAuts
